ORI
LOUISIANA STATE UNIVERSITY TIGERS @ FLORIDA STATE UNIVERSITY SEMINOLES
11/30/2044
 
TOP OF THE 1ST
Louisiana State University Tigers batting - Pitching for Florida State University Seminoles : LHP Victor Quiros
Pitching: LHP Victor Quiros
Batting: SHB Emmet Brickowski 0-0: Ground out 4-3 (Groundball, 4, EV 89.4 MPH)
Batting: LHB Bob Govella 0-0: Called Strike
0-1: Ball
1-1: Ball
2-1: Ground out U3 (Groundball, 34D, EV 86.9 MPH)
Batting: RHB Fate Makeever 0-0: Ball
1-0: Ball
2-0: Foul Ball, location: 2F
2-1: Foul Ball, location: 2F
2-2: Ball
3-2: Ground out 5-3 (Groundball, 56S, EV 86.9 MPH)
Top of the 1st over - 0 runs, 0 hits, 0 errors, 0 left on base; Louisiana State University 0 - Florida State University 0
BOTTOM OF THE 1ST
Florida State University Seminoles batting - Pitching for Louisiana State University Tigers : RHP Ryan Van Riper
Pitching: RHP Ryan Van Riper
Batting: SHB Alex Noval 0-0: Ball
1-0: Ball
2-0: Ball
3-0: Foul Ball, location: 2F
3-1: Swinging Strike
3-2: Strikes out swinging
Batting: SHB Nadhir Umayr 0-0: Ball
1-0: Ball
2-0: Ball
3-0: Base on Balls
Batting: RHB Lupe Barrera 0-0: Called Strike
0-1: Ball
1-1: Fielders Choice at 2nd, 4-6 (Groundball, 4, EV 107.5 MPH)
Batting: RHB Manny Hensley 0-0: Called Strike
0-1: Ball
1-1: Foul Ball, location: 2F
1-2: DOUBLE (Line Drive, 89D, EV 101.2 MPH)
Lupe Barrera to third
Batting: LHB Raul Maldonado 0-0: Ball
1-0: Ground out 4-3 (Groundball, 4, EV 100.0 MPH)
Bottom of the 1st over - 0 runs, 1 hit, 0 errors, 2 left on base; Louisiana State University 0 - Florida State University 0
TOP OF THE 2ND
Louisiana State University Tigers batting - Pitching for Florida State University Seminoles : LHP Victor Quiros
Batting: RHB David Lobacz 0-0: Fly out, F4 (Line Drive, 4, EV 70.0 MPH)
Batting: RHB Jwahir Pili 0-0: SINGLE (Groundball, 6, EV 97.5 MPH)
Batting: SHB Jose Melendez 0-0: Ball
1-0: Ball
2-0: Ball
3-0: Called Strike
3-1: SINGLE (Groundball, 5S, EV 61.2 MPH) (infield hit)
Jwahir Pili to second
Batting: LHB Lourens Aukema 0-0: Ball
1-0: Ball
2-0: Called Strike
2-1: Fielders Choice at 2nd, 4-6 (Groundball, 4, EV 86.2 MPH)
Jwahir Pili to third
Batting: RHB Dennis Cox 0-0: SINGLE (Groundball, 56D, EV 94.4 MPH)
Jwahir Pili scores
Lourens Aukema to second
Batting: RHB Franklin van den Berg 0-0: Swinging Strike
0-1: Swinging Strike
0-2: Ball
1-2: Strikes out swinging, 2-3 out at first.
Top of the 2nd over - 1 run, 3 hits, 0 errors, 2 left on base; Louisiana State University 1 - Florida State University 0
BOTTOM OF THE 2ND
Florida State University Seminoles batting - Pitching for Louisiana State University Tigers : RHP Ryan Van Riper
Batting: LHB Dong-u Chang 0-0: Foul Ball, location: 2F
0-1: Ball
1-1: Foul Ball, location: 2F
1-2: Fly out, F8 (Flyball, 8LD, EV 93.8 MPH)
Batting: SHB Ed Mosqueda 0-0: Ground out 3-1 (Groundball, 34S, EV 83.8 MPH)
Batting: RHB Israel Quinteros 0-0: Ball
1-0: Ball
2-0: Foul Ball, location: 2F
2-1: Swinging Strike
2-2: Foul Ball, location: 2F
2-2: Ball
3-2: Strikes out looking
Bottom of the 2nd over - 0 runs, 0 hits, 0 errors, 0 left on base; Louisiana State University 1 - Florida State University 0
TOP OF THE 3RD
Louisiana State University Tigers batting - Pitching for Florida State University Seminoles : LHP Victor Quiros
Batting: SHB Emmet Brickowski 0-0: Ball
1-0: Foul Ball, location: 2F
1-1: Ball
2-1: Fly out, F7 (Flyball, 7, EV 78.1 MPH)
Batting: LHB Bob Govella 0-0: Called Strike
0-1: Swinging Strike
0-2: Ball
1-2: Ball
2-2: Ground out 3-1 (Groundball, 34, EV 85.6 MPH)
Batting: RHB Fate Makeever 0-0: Ball
1-0: Foul Ball, location: 2F
1-1: SINGLE (Flyball, 34D, EV 98.1 MPH)
Batting: RHB David Lobacz 0-0: Swinging Strike
0-1: Swinging Strike
0-2: Ball
Fate Makeever steals 2nd base
1-2: Strikes out looking
Top of the 3rd over - 0 runs, 1 hit, 0 errors, 1 left on base; Louisiana State University 1 - Florida State University 0
BOTTOM OF THE 3RD
Florida State University Seminoles batting - Pitching for Louisiana State University Tigers : RHP Ryan Van Riper
Batting: RHB Mick Vaught 0-0: Called Strike
0-1: Ball
1-1: Foul Ball, location: 2F
1-2: Ball
2-2: Ground out 6-3 (Groundball, 6M, EV 105.6 MPH)
Batting: SHB Alex Noval 0-0: Fly out, F7 (Flyball, 7LD, EV 100.6 MPH)
Batting: SHB Nadhir Umayr 0-0: Ball
1-0: Ball
2-0: Foul Ball, location: 2F
2-1: Called Strike
2-2: Ball
3-2: Foul Ball, location: 2F
3-2: Foul Ball, location: 2F
3-2: Base on Balls
Batting: RHB Lupe Barrera 0-0: Ball
1-0: Ball
2-0: Foul Ball, location: 2F
2-1: Foul Ball, location: 2F
2-2: Ball
3-2: Base on Balls
Nadhir Umayr to second
Batting: RHB Manny Hensley 0-0: Called Strike
0-1: Swinging Strike
0-2: Strikes out swinging
Bottom of the 3rd over - 0 runs, 0 hits, 0 errors, 2 left on base; Louisiana State University 1 - Florida State University 0
TOP OF THE 4TH
Louisiana State University Tigers batting - Pitching for Florida State University Seminoles : LHP Victor Quiros
Batting: RHB Jwahir Pili 0-0: Ball
1-0: SOLO HOME RUN (Flyball, 78XD, EV 97.5 MPH), Distance : 391 ft
Batting: SHB Jose Melendez 0-0: Foul Ball, location: 2F
0-1: SINGLE (Flyball, 4MD, EV 89.4 MPH)
Batting: LHB Lourens Aukema 0-0: SINGLE (Groundball, 4D, EV 98.1 MPH)
Jose Melendez to second
Runner from 2nd tries for 3rd, OUT! 9-5
Lourens Aukema to second
Batting: RHB Dennis Cox 0-0: Called Strike
0-1: Ball
1-1: Ground out 5-3 (Groundball, 56, EV 108.8 MPH)
Batting: RHB Franklin van den Berg 0-0: Ball
1-0: Foul Ball, location: 2F
1-1: Ball
2-1: Called Strike
2-2: Ground out 1-3 (Groundball, 15S, EV 70.0 MPH)
Top of the 4th over - 1 run, 3 hits, 0 errors, 1 left on base; Louisiana State University 2 - Florida State University 0
BOTTOM OF THE 4TH
Florida State University Seminoles batting - Pitching for Louisiana State University Tigers : RHP Ryan Van Riper
Batting: LHB Raul Maldonado 0-0: Called Strike
0-1: Ball
1-1: Ball
2-1: Ball
3-1: Called Strike
3-2: Strikes out swinging
Batting: LHB Dong-u Chang 0-0: Swinging Strike
0-1: Ball
1-1: Swinging Strike
1-2: Ball
2-2: Ball
3-2: Strikes out looking
Batting: SHB Ed Mosqueda 0-0: Swinging Strike
0-1: Ball
1-1: Foul Ball, location: 2F
1-2: Ball
2-2: Foul Ball, location: 2F
2-2: Ball
3-2: Fly out, F8 (Flyball, 78M, EV 80.6 MPH)
Bottom of the 4th over - 0 runs, 0 hits, 0 errors, 0 left on base; Louisiana State University 2 - Florida State University 0
TOP OF THE 5TH
Louisiana State University Tigers batting - Pitching for Florida State University Seminoles : LHP Victor Quiros
Batting: SHB Emmet Brickowski 0-0: Called Strike
0-1: Foul Ball, location: 2F
0-2: Strikes out swinging
Batting: LHB Bob Govella 0-0: Called Strike
0-1: Fly out, F7 (Flyball, 7LM, EV 88.1 MPH)
Batting: RHB Fate Makeever 0-0: SINGLE (Groundball, 6M, EV 87.5 MPH) (infield hit)
Batting: RHB David Lobacz 0-0: Ball
1-0: Foul Ball, location: 2F
1-1: Called Strike
1-2: Ball
2-2: Foul Ball, location: 2F
2-2: SINGLE (Groundball, 34D, EV 103.8 MPH)
Fate Makeever to second
Runner from 2nd tries for 3rd, SAFE, throw by RF made to third
Batting: RHB Jwahir Pili 0-0: Called Strike
0-1: Swinging Strike
0-2: Ground out 5-3 (Groundball, 56S, EV 81.2 MPH)
Top of the 5th over - 0 runs, 2 hits, 0 errors, 2 left on base; Louisiana State University 2 - Florida State University 0
BOTTOM OF THE 5TH
Florida State University Seminoles batting - Pitching for Louisiana State University Tigers : RHP Ryan Van Riper
Batting: RHB Israel Quinteros 0-0: Ball
1-0: Called Strike
1-1: Ball
2-1: SINGLE (Groundball, 56D, EV 100.6 MPH)
Batting: RHB Mick Vaught 0-0: Called Strike
0-1: Called Strike
0-2: Foul Ball, location: 2F
0-2: Grounds into double play, 5-4-3 (Groundball, 5, EV 102.5 MPH)
Batting: SHB Alex Noval 0-0: Ball
1-0: Called Strike
1-1: Foul Ball, location: 2F
1-2: Ball
2-2: Foul Ball, location: 2F
2-2: Strikes out swinging
Bottom of the 5th over - 0 runs, 1 hit, 0 errors, 0 left on base; Louisiana State University 2 - Florida State University 0
TOP OF THE 6TH
Louisiana State University Tigers batting - Pitching for Florida State University Seminoles : LHP Victor Quiros
Batting: SHB Jose Melendez 0-0: Called Strike
0-1: Foul Ball, location: 2F
0-2: Ball
1-2: Ground out 6-3 (Groundball, 56, EV 98.1 MPH)
Pitching: RHP Justin Williams
Batting: LHB Lourens Aukema 0-0: Called Strike
0-1: Foul Ball, location: 2F
0-2: Ball
1-2: Strikes out swinging
Batting: RHB Dennis Cox 0-0: Ground out 6-3 (Groundball, 6, EV 91.2 MPH)
Top of the 6th over - 0 runs, 0 hits, 0 errors, 0 left on base; Louisiana State University 2 - Florida State University 0
BOTTOM OF THE 6TH
Florida State University Seminoles batting - Pitching for Louisiana State University Tigers : RHP Ryan Van Riper
Batting: SHB Nadhir Umayr 0-0: Called Strike
0-1: Ball
1-1: Swinging Strike
1-2: Strikes out looking
Batting: RHB Lupe Barrera 0-0: Swinging Strike
0-1: Foul Ball, location: 2F
0-2: Strikes out swinging
Batting: RHB Manny Hensley 0-0: Ball
1-0: SOLO HOME RUN (Flyball, 78XD, EV 97.5 MPH), Distance : 374 ft
Batting: LHB Raul Maldonado 0-0: Foul Ball, location: 2F
0-1: Ball
1-1: Swinging Strike
1-2: SINGLE (Groundball, 6MS, EV 67.5 MPH) (infield hit)
Batting: LHB Dong-u Chang 0-0: SINGLE (Groundball, 4MD, EV 102.5 MPH)
Raul Maldonado to second
Runner from 2nd tries for 3rd, SAFE, no throw by CF
Batting: SHB Ed Mosqueda 0-0: Ball
1-0: Called Strike
1-1: DOUBLE (Line Drive, 9LM, EV 90.0 MPH)
Raul Maldonado scores
Dong-u Chang to third
Runner from 3rd tries for Home, SAFE, throw by RF to home
Batting: RHB Israel Quinteros 0-0: Called Strike
0-1: Foul Ball, location: 2F
0-2: Ball
1-2: Ground out 6-3 (Groundball, 56, EV 89.4 MPH)
Bottom of the 6th over - 3 runs, 4 hits, 0 errors, 1 left on base; Louisiana State University 2 - Florida State University 3
TOP OF THE 7TH
Louisiana State University Tigers batting - Pitching for Florida State University Seminoles : RHP Justin Williams
Batting: RHB Franklin van den Berg 0-0: Ball
1-0: Ball
2-0: Called Strike
2-1: Foul Ball, location: 2F
2-2: Foul Ball, location: 2F
2-2: Foul Ball, location: 2F
2-2: Ground out 1-3 (Groundball, 23, EV 68.1 MPH)
Pinch Hitting: RHB Richard Saquic 0-0: Called Strike
0-1: SINGLE (Groundball, 5S, EV 70.6 MPH) (infield hit)
Pinch Hitting: RHB Mike Larson 0-0: Ball
Richard Saquic steals 2nd base
1-0: Called Strike
1-1: Ball
2-1: SINGLE (Line Drive, 9S, EV 105.6 MPH)
Richard Saquic to third
Batting: RHB Fate Makeever 0-0: DOUBLE (Line Drive, 7LS, EV 111.9 MPH)
Richard Saquic scores
Mike Larson to third
Batting: RHB David Lobacz 0-0: Ball
1-0: Called Strike
1-1: Fly out, F9 (Flyball, 9LD, EV 85.6 MPH)
Runner from 3rd tags up, SCORES, throw by RF
Fate Makeever to third
Batting: RHB Jwahir Pili 0-0: Ball
1-0: Foul Ball, location: 2F
1-1: Reached on error, E6 (Groundball, 6S, EV 70.6 MPH)
Fate Makeever scores
Pitching: RHP Bobby Altamirano
Batting: SHB Jose Melendez 0-0: Called Strike
0-1: Called Strike
0-2: Ball
1-2: Strikes out looking
Top of the 7th over - 3 runs, 3 hits, 1 error, 1 left on base; Louisiana State University 5 - Florida State University 3
BOTTOM OF THE 7TH
Florida State University Seminoles batting - Pitching for Louisiana State University Tigers : RHP Ryan Van Riper
Pitching: RHP Jon Spears
Now at 2B: Jose Cerritos
Now in RF: Bill Crogan
Batting: RHB Mick Vaught 0-0: Foul Ball, location: 2F
0-1: Ball
1-1: Swinging Strike
1-2: Strikes out swinging
Batting: SHB Alex Noval 0-0: Called Strike
0-1: Foul Ball, location: 2F
0-2: Strikes out swinging
Batting: SHB Nadhir Umayr 0-0: Called Strike
0-1: Ball
1-1: Ball
2-1: Foul Ball, location: 2F
2-2: Ball
3-2: Foul Ball, location: 2F
3-2: Foul Ball, location: 2F
3-2: Base on Balls
Batting: RHB Lupe Barrera 0-0: Called Strike
0-1: Ball
1-1: SINGLE (Line Drive, 6D, EV 95.0 MPH)
Nadhir Umayr to second
Batting: RHB Manny Hensley 0-0: Ball
1-0: Swinging Strike
1-1: Swinging Strike
1-2: Ball
2-2: Strikes out swinging
Bottom of the 7th over - 0 runs, 1 hit, 0 errors, 2 left on base; Louisiana State University 5 - Florida State University 3
TOP OF THE 8TH
Louisiana State University Tigers batting - Pitching for Florida State University Seminoles : RHP Bobby Altamirano
Batting: LHB Lourens Aukema 0-0: Called Strike
0-1: Ball
1-1: Ball
2-1: Foul Ball, location: 2F
2-2: Ball
3-2: Strikes out swinging
Batting: RHB Dennis Cox 0-0: Ball
1-0: Ball
2-0: Foul Ball, location: 2F
2-1: Ground out 1-3 (Groundball, 13S, EV 73.8 MPH)
Batting: RHB Franklin van den Berg 0-0: Ground out 4-3 (Groundball, 4, EV 89.4 MPH)
Top of the 8th over - 0 runs, 0 hits, 0 errors, 0 left on base; Louisiana State University 5 - Florida State University 3
BOTTOM OF THE 8TH
Florida State University Seminoles batting - Pitching for Louisiana State University Tigers : RHP Jon Spears
Pitching: LHP Ighlas Kumbuka
Pinch Hitting: RHB Sal Guzman 0-0: Called Strike
0-1: Ground out 1-3 (Groundball, 15S, EV 60.0 MPH)
Batting: LHB Dong-u Chang 0-0: Called Strike
0-1: SINGLE (Groundball, 6M, EV 108.1 MPH)
Pinch Hitting: RHB Daniel Pena 0-0: Foul Ball, location: 2F
0-1: Foul Ball, location: 2F
0-2: Ball
1-2: Strikes out swinging
Pinch Hitting: RHB Jeremy Buck 0-0: Ball
1-0: Foul Ball, location: 2F
1-1: Foul Ball, location: 2F
1-2: Ball
2-2: Strikes out swinging
Bottom of the 8th over - 0 runs, 1 hit, 0 errors, 1 left on base; Louisiana State University 5 - Florida State University 3
TOP OF THE 9TH
Louisiana State University Tigers batting - Pitching for Florida State University Seminoles : RHP Bobby Altamirano
Pitching: LHP Jordan Ruiz
Now at 3B: Jeremy Buck
Now in LF: Daniel Pena
Now in RF: Sal Guzman
Batting: RHB Jose Cerritos 0-0: Called Strike
0-1: Ball
1-1: Foul Ball, location: 2F
1-2: Ground out 5-3 (Groundball, 56, EV 78.1 MPH)
Batting: RHB Bill Crogan 0-0: Ball
1-0: Ball
2-0: Ball
3-0: Called Strike
3-1: Base on Balls
Batting: RHB Fate Makeever 0-0: Ball
1-0: Called Strike
1-1: Foul Ball, location: 2F
1-2: Fly out, F8 (Flyball, 78D, EV 81.2 MPH)
Batting: RHB David Lobacz 0-0: Ball
1-0: Ball
2-0: Swinging Strike
2-1: Swinging Strike
2-2: Foul Ball, location: 2F
2-2: Strikes out swinging
Top of the 9th over - 0 runs, 0 hits, 0 errors, 1 left on base; Louisiana State University 5 - Florida State University 3
BOTTOM OF THE 9TH
Florida State University Seminoles batting - Pitching for Louisiana State University Tigers : LHP Ighlas Kumbuka
Pitching: RHP Melvin Pena
Pinch Hitting: LHB Bill Girton 0-0: Swinging Strike
0-1: Swinging Strike
0-2: Ball
1-2: Ball
2-2: Foul Ball, location: 2F
2-2: Ball
3-2: Foul Ball, location: 2F
3-2: SINGLE (Groundball, 6MS, EV 75.6 MPH) (infield hit)
Pinch Hitting: RHB Rafael Gil 0-0: Swinging Strike
0-1: Called Strike
0-2: Foul Ball, location: 2F
0-2: Strikes out swinging
Batting: SHB Nadhir Umayr 0-0: SINGLE (Groundball, 6S, EV 70.0 MPH) (infield hit)
Bill Girton to second
Batting: RHB Lupe Barrera 0-0: Swinging Strike
0-1: Ball
1-1: Called Strike
1-2: Ball
2-2: Ball
3-2: Base on Balls
Bill Girton to third
Nadhir Umayr to second
Batting: RHB Manny Hensley 0-0: Ball
1-0: Foul Ball, location: 2F
1-1: Ball
2-1: DOUBLE (Flyball, 89D, EV 94.4 MPH)
Bill Girton scores
Nadhir Umayr scores
Lupe Barrera to third
Batting: RHB Sal Guzman 0-0: Fielders Choice at home, 6-2 (Groundball, 6M, EV 82.5 MPH)
Manny Hensley to third
Batting: LHB Dong-u Chang 0-0: Ball
1-0: Ball
2-0: Called Strike
2-1: Swinging Strike
2-2: Strikes out swinging
Bottom of the 9th over - 2 runs, 3 hits, 0 errors, 2 left on base; Louisiana State University 5 - Florida State University 5
TOP OF THE 10TH
Louisiana State University Tigers batting - Pitching for Florida State University Seminoles : LHP Jordan Ruiz
Pitching: RHP Brandon Isabell
Now at C: Ken Yeadon
Now in CF: Rafael Gil
Batting: RHB Jwahir Pili 0-0: Called Strike
0-1: Foul Ball, location: 2F
0-2: Ball
1-2: Strikes out swinging
Pinch Hitting: SHB Noah Long 0-0: Called Strike
0-1: Ball
1-1: Ground out 6-3 (Groundball, 6, EV 102.5 MPH)
Pinch Hitting: RHB Alberto Bravo 0-0: Called Strike
0-1: Ball
1-1: Foul Ball, location: 2F
1-2: Ball
2-2: Fly out, F7 (Flyball, 7, EV 77.5 MPH)
Top of the 10th over - 0 runs, 0 hits, 0 errors, 0 left on base; Louisiana State University 5 - Florida State University 5
BOTTOM OF THE 10TH
Florida State University Seminoles batting - Pitching for Louisiana State University Tigers : RHP Melvin Pena
Now in LF: Fernando Membreno
Now in CF: Alberto Bravo
Batting: RHB Daniel Pena 0-0: Fly out, F8 (Line Drive, 8RM, EV 86.2 MPH)
Pinch Hitting: RHB Mark Conrad 0-0: SINGLE (Groundball, 4MD, EV 98.8 MPH)
Batting: RHB Ken Yeadon 0-0: Foul Ball, location: 2F
0-1: Ball
1-1: Swinging Strike
1-2: Strikes out looking
Pinch Hitting: RHB Tin-jong Ping 0-0: Ball
1-0: Ball
2-0: Ball
3-0: Called Strike
3-1: Swinging Strike
3-2: Strikes out swinging
Bottom of the 10th over - 0 runs, 1 hit, 0 errors, 1 left on base; Louisiana State University 5 - Florida State University 5
TOP OF THE 11TH
Louisiana State University Tigers batting - Pitching for Florida State University Seminoles : RHP Brandon Isabell
Now at 3B: Tin-jong Ping
Now in CF: Mark Conrad
Batting: RHB Dennis Cox 0-0: Reached on error, E8 (Flyball, 8RD, EV 92.5 MPH)
Batting: RHB Franklin van den Berg 0-0: Ball
1-0: Ball
2-0: Called Strike
2-1: Foul Ball, location: 2F
2-2: Strikes out swinging
Batting: RHB Jose Cerritos 0-0: Called Strike
0-1: Called Strike
Dennis Cox steals 2nd base
0-2: Strikes out swinging
Batting: RHB Bill Crogan 0-0: Ball
1-0: Foul Ball, location: 2F
1-1: Ground out 5-3 (Groundball, 56, EV 100.6 MPH)
Top of the 11th over - 0 runs, 0 hits, 1 error, 1 left on base; Louisiana State University 5 - Florida State University 5
BOTTOM OF THE 11TH
Florida State University Seminoles batting - Pitching for Louisiana State University Tigers : RHP Melvin Pena
Batting: SHB Nadhir Umayr 0-0: Called Strike
0-1: SINGLE (Flyball, 7S, EV 90.6 MPH)
Batting: RHB Lupe Barrera 0-0: Called Strike
0-1: Ball
1-1: Called Strike
1-2: Foul Ball, location: 2F
1-2: SINGLE (Groundball, 56D, EV 93.8 MPH)
Nadhir Umayr to second
Batting: RHB Manny Hensley 0-0: Ball
1-0: Ball
2-0: Ball
3-0: Called Strike
3-1: Called Strike
3-2: 3-RUN HOME RUN (Flyball, 78XD, EV 100.6 MPH), Distance : 397 ft
Bottom of the 11th over - 3 runs, 3 hits, 0 errors, 0 left on base; Louisiana State University 5 - Florida State University 8
Game Over ... Florida State University defeats Louisiana State University, 8 to 5
Thursday, March 31st , 2022 - OOTP Baseball 22.12 Build 89